 Dungeon Crawl Stone Soup version 0.21.1-1-g345015f (webtiles) character file.

698875 unrecovered the Archmage (level 27, 0/185 HPs)
             Began as a Spriggan Enchanter on July 4, 2018.
             Was the Champion of Ashenzari.
             Killed by a greater mummy's death curse (26 damage)
             ... on level 3 of the Tomb of the Ancients on July 5, 2018.
             The game lasted 11:17:52 (91582 turns).

unrecovered the Archmage (Spriggan Enchanter)      Turns: 91582, Time: 11:17:53

Health: 0/185      AC: 36    Str:  5 (9)  XL:     27
Magic:  33/55      EV: 34    Int: 38 (39) God:    Ashenzari [******]
Gold:   3446       SH: 14    Dex: 17      Spells: 3/80 levels left

rFire    + + .     SeeInvis +   A - +4 Vampire's Tooth {vamp} (curse)
rCold    + + +     Gourm    .   U - +2 buckler {rF+} (curse)
rNeg     + . .     Faith    .   (armour currently unavailable)
rPois    ∞         Spirit   .   I - +2 hat (curse)
rElec    +         Reflect  +   u - +1 cloak of Divine Intervention {MR+}
rCorr    .         Harm     .   (gloves unavailable)
MR       +++++     Clarity  +   (boots unavailable)
Stlth    ++++......             N - amulet "Liosikhu" {Reflect rC+++ Str+2 SH+4 Stlth-} (curse)
HPRegen  0.40/turn              X - ring "Qipraopt" {*Contam +Fly MR+++ Str+3 Int+5} (curse)
MPRegen  0.34/turn              W - ring of Fixation {rPois rF+ Int+5} (curse)

@: statue-form, aura of abjuration, very slightly contaminated, slowed, very
slow
A: very small, unfitting armour, see invisible, deterioration 1, herbivore, slow
metabolism 2
}: 4/15 runes: serpentine, barnacled, slimy, silver
a: End Transformation, Curse Item, Scrying, Transfer Knowledge, Renounce
Religion, Evoke Flight


You were on level 3 of the Tomb of the Ancients.
You worshipped Ashenzari.
Ashenzari was exalted by your worship.
You were not hungry.
You were a stone statue.
You visited 12 branches of the dungeon, and saw 59 of its levels.
You also visited: Labyrinth and Wizlab.

You collected 7891 gold pieces.
You spent 4445 gold pieces at shops.

Inventory:

Hand Weapons
 A - the cursed +4 Vampire's Tooth (weapon) {vamp}
   (You found it on level 5 of the Dungeon)

   It inflicts no extra harm, but heals its wielder when it wounds a living foe.
   It has a curse placed upon it.
Armour
 u - the +1 cloak of Divine Intervention (worn) {MR+}
   (You found it on level 5 of the Vaults)

   It affects your resistance to hostile enchantments.
 I - a cursed +2 hat (worn)
 U - a cursed +2 buckler of fire resistance (worn)
 Y - the cursed +8 faerie dragon scales (melded) {-Tele rPois rCorr Dex+3 Stlth+}
   (You took it off the Enchantress on level 2 of the Depths)

   It affects your dexterity (+3).
   It protects you from poison.
   It prevents most forms of teleportation.
   It protects you from acid and corrosion.
   It makes you more stealthy.
   It has a curse placed upon it.
Jewellery
 N - the cursed amulet "Liosikhu" (around neck) {Reflect rC+++ Str+2 SH+4 Stlth-}
   (You found it in a labyrinth)

   [amulet of reflection]

   It shields you and reflects attacks.
   It affects your strength (+2).
   It renders you almost immune to cold.
   It affects your SH (+4).
   It makes you less stealthy.
   It has a curse placed upon it.
 W - the cursed ring of Fixation (right hand) {rPois rF+ Int+5}
   (You took it off a vampire knight on level 3 of the Crypt)

   [ring of intelligence]

   It affects your intelligence (+5).
   It protects you from fire.
   It protects you from poison.
   It has a curse placed upon it.
 X - the cursed ring "Qipraopt" (left hand) {*Contam +Fly MR+++ Str+3 Int+5}
   (You bought it in a shop on level 15 of the Dungeon)

   [ring of flight]

   It affects your strength (+3).
   It affects your intelligence (+5).
   It affects your resistance to hostile enchantments.
   It lets you fly.
   It causes magical contamination when unequipped.
   It has a curse placed upon it.
Wands
 f - a wand of disintegration (16)
 n - a wand of digging (70)
 s - a wand of paralysis (31)
 x - a wand of acid (4)
 M - a wand of iceblast (19)
Scrolls
 j - 13 scrolls of teleportation
 k - 9 scrolls of remove curse
 m - 6 scrolls of enchant armour
 p - 7 scrolls of fog
 q - a scroll of blinking
 r - 35 scrolls of identify
 w - 3 scrolls of summoning
 B - 2 scrolls of brand weapon
 C - 7 scrolls of magic mapping
 H - 10 scrolls of immolation
 L - 15 scrolls of enchant weapon
 P - 6 scrolls of amnesia
 R - 4 scrolls of holy word
 S - 5 scrolls of fear
Potions
 b - 5 potions of cancellation
 c - 2 potions of heal wounds
 e - 13 potions of brilliance
 g - 6 potions of flight
 i - a potion of invisibility
 l - 3 potions of ambrosia
 o - 22 potions of curing
 t - 7 potions of might
 z - a potion of resistance
 F - 6 potions of agility
 O - 6 potions of haste
 Z - 7 potions of mutation
Books
 y - a book of Power

   Spells                             Type                      Level
   a - Iskenderun's Battlesphere      Conjuration/Charms           5
   b - Venom Bolt                     Conjuration/Poison           5
   c - Bolt of Magma                  Conjuration/Fire/Earth       5
   d - Iron Shot                      Conjuration/Earth            6
   e - Orb of Destruction             Conjuration                  7
   f - Spellforged Servitor           Conjuration/Summoning        7
Miscellaneous
 a - a crystal ball of energy
 h - 4 boxes of beasts
 v - a lamp of fire
 E - a phial of floods
 J - a lightning rod (4/4)
 K - 2 sacks of spiders
 Q - a phantom mirror
 T - a fan of gales
Comestibles
 d - 52 rations


   Skills:
 - Level 14.5 Fighting
 - Level 12.3(16.4) Short Blades
 - Level 10.0 Armour
 - Level 17.6(20.0) Dodging
 - Level 9.9(12.7) Stealth
 - Level 4.6(7.5) Shields
 O Level 27 Spellcasting
 + Level 9.7(14.0) Conjurations
 - Level 14.1(18.1) Hexes
 - Level 8.2(12.6) Charms
 - Level 18.6(22.3) Summonings
 - Level 5.5(10.0) Necromancy
 - Level 4.8(9.2) Translocations
 - Level 9.1(13.5) Transmutations
 - Level 18.3(22.0) Air Magic
 + Level 8.4(12.8) Earth Magic
 - Level 13.0(17.1) Evocations


You had 3 spell levels left.
You knew the following spells:

 Your Spells              Type           Power        Failure   Level  Hunger
a - Bolt of Magma         Conj/Fire/Erth #######...   1%          5    None
b - Orb of Destruction    Conj           ########..   1%          7    None
c - Confuse               Hex            ########     0%          3    None
e - Apportation           Tloc           ######       0%          1    None
f - Deflect Missiles      Chrm/Air       ########..   1%          6    None
g - Fulminant Prism       Conj/Hex       ########..   0%          4    None
h - Invisibility          Hex            ########     1%          6    None
i - Yara's Violent Unrav  Hex/Tmut       ########..   0%          5    None
j - Force Lance           Conj/Tloc      #######.     1%          4    None
k - Blink                 Tloc           N/A          0%          2    None
m - Dispel Undead         Necr           #######.     1%          5    None
n - Dragon's Call         Summ           ########..   4%          9    None
o - Statue Form           Tmut/Erth      ########.    1%          6    None
p - Tornado               Air            ########..   4%          9    None
q - Aura of Abjuration    Summ           ########..   0%          5    None


Dungeon Overview and Level Annotations

Branches:
Dungeon (15/15)            Temple (0/1) D:5            Lair (6/6) D:9
 Shoals (4/4) Lair:4        Snake (4/4) Lair:3        Slime (5/5) Lair:5
    Orc (2/2) D:11            Elf (3/3) Orc:2        Vaults (5/5) D:14
  Crypt (3/3) Vaults:3       Tomb (3/3) Crypt:3      Depths (5/5) D:15
    Zot (4/5) Depths:5

Altars:
Ashenzari
Dithmenos
Elyvilon
Fedhas
Gozag
Hepliaklqana
Kikubaaqudgha
Makhleb
Nemelex Xobeh
Okawaru
Qazlal
Ru
Trog
Uskayaw
Vehumet
Yredelemnul
Zin
The Shining One
Jiyva

Shops:
D:10 *   D:14 =   D:15 [(=[   Orc:2 [:=*?   Elf:2 %   Shoals:4 !   Snake:1 *}[
Vaults:4 (   Vaults:5 %

Portals:
Hell: Depths:1 Depths:2 Depths:3 Depths:4 Depths:5
Abyss: Depths:1 Depths:4
Pandemonium: Depths:3
Ziggurat: Depths:2
Trove: D:12 (give 11 potions of heal wounds)

Annotations:
Tomb:3 Lucherd's ghost, legendary HOFi


Innate Abilities, Weirdness & Mutations

You are very small and have problems with some larger weapons.
You are too small for most types of armour.
You have supernaturally acute eyesight. (SInv)
You are a herbivore.
((You cover ground extremely quickly.))
You need consume almost no food.
Your body sometimes deteriorates upon taking damage.


Message History

Pain shoots through your body!
* * * LOW HITPOINT WARNING * * *
The winds around you start to calm down.
You float gracefully downwards.
The greater mummy misses you.
The ushabti shakes and rattles deafeningly!
The greater mummy gestures wildly while chanting.
The greater mummy gestures at you while chanting.
Something smites you!
* * * LOW HITPOINT WARNING * * *
A zombie and an ushabti come into view.
Casting: Tornado
Confirm with . or Enter, or press ? or * to list all spells.
Aiming: Dispel Undead
Press: ? - help, Shift-Dir - straight line, f - greater mummy
Aim: a greater mummy (severely damaged)
The greater mummy convulses!
You destroy the greater mummy!
You feel extremely nervous for a moment...
You convulse helplessly as pain tears through your body!
You die...

*,,, ,, ,,,,,,,,
,, ,
##....##*,...,,,
,,, #.....#. ....
,,,
#.§.§§§##..8.,,,,
#§..§.§§.§88 ,,
,,
#§§..§§§..#**,, ,
** #...s..s§.#
*,,, ,* ,
#.§§M§.ss§#'#
,,,,* *
#.§§§8M§.§8.., ,
, , #.§...###§.Z.
** ,, #..§..',*
,.,*, ,,
##.§.§##* {,,***
, #.§§§. , ,,, ,,
,, ##.§§§ ,, , ,
,, , ###.. ,∆, ,
,, ####* ** ***


You could see 2 greater mummies, 4 ushabtiu, 4 death scarabs and a frost giant
zombie.

Vanquished Creatures
  Dissolution (Slime:2)
  the Royal Jelly (Slime:5)
  An ancient lich (Vaults:5)
  Mara (Depths:3)
  A juggernaut (Depths:4)
  Sojobo (Depths:1)
  19 greater mummies
  Bai Suzhen (Depths:2)
  Vashnia (Snake:4)
  2 Killer Klowns
  Saint Roka (Vaults:1)
  Xtahua (Crypt:3)
  8 golden dragons
  Jory (Vaults:2)
  the Enchantress (Depths:2)
  Jorgrun (Elf:3)
  7 liches
  5 tentacled monstrosities
  4 deep elf blademasters
  3 quicksilver dragons
  4 titans
  A death cob (Zot:4)
  18 acid blobs
  A deep elf master archer (Elf:3)
  6 sphinxes
  9 ancient champions
  8 storm dragons
  2 shadow dragons
  14 draconian monks
  8 azure jellies
  9 nagarajas
  4 tengu reavers
  Donald (Elf:3)
  2 revenants
  6 fire giants
  12 vault wardens
  6 deep elf sorcerers
  Ilsuiw (Shoals:4)
  3 draconian knights
  An emperor scorpion (Depths:2)
  11 frost giants
  2 draconian scorchers
  Aizul (Elf:1)
  An iron dragon (Depths:4)
  5 draconian annihilators
  A curse skull (Crypt:3)
  4 draconian stormcallers
  A juggernaut zombie (Depths:4)
  6 caustic shrike skeletons
  7 draconian shifters
  8 ghouls
  18 stone giants
  13 very ugly things
  4 spriggan defenders
  The ghost of lomky the Warrior, a journeyman MiBe of Trog (Lair:5)
  15 ironheart preservers
  2 entropy weavers (Vaults:3)
  Nessos (Lair:6)
  8 deep elf demonologists
  11 deep elf annihilators
  6 bennus
  29 vampire knights
  8 green draconians
  The ghost of mistaj the Grappler, a journeyman TrMo of the Shining One (D:13)
  6 red draconians
  7 white draconians
  5 black draconians
  5 yellow draconians
  13 purple draconians
  A dire elephant (Lair:6)
  6 spark wasps
  Snorg (D:12)
  2 minotaurs
  5 merfolk javelineers
  11 death oozes (Slime:5)
  9 statues (WizLab)
  6 eidola
  4 fire dragons
  15 mummy priests
  10 deep elf death magi
  2 large abominations
  A great orb of eyes (shapeshifter) (Depths:4)
  9 merfolk impalers
  11 ettins
  9 deep elf high priests
  5 great orbs of eyes
  14 yaktaur captains
  6 jiangshi
  3 rakshasas (Vaults:3)
  17 ogre magi
  9 ice dragons
  30 vault guards
  3 hydras
  12 naga warriors
  3 merfolk avatars
  10 anacondas
  4 merfolk aquamancers (Shoals:4)
  6 centaur warriors
  36 two-headed ogres
  5 death knights
  A queen ant (D:8)
  2 spriggan air magi
  2 satyrs
  3 deep troll earth magi (Depths:3)
  14 death scarabs
  5 tengu warriors
  16 vampire magi
  4 deep troll shamans
  17 deep elf knights
  7 shock serpents
  A titan skeleton (Crypt:1)
  7 spriggan berserkers
  Sonja (D:11)
  19 naga sharpshooters
  2 soul eaters
  4 iron trolls
  46 skeletal warriors
  3 hell knights
  4 salamander mystics (Snake:4)
  A shadow wraith (Crypt:2)
  A death drake (Depths:5)
  A sea snake (shapeshifter) (Vaults:1)
  10 sea snakes
  6 flayed ghosts
  2 spriggan druids (Depths:2)
  14 deep trolls
  A quicksilver dragon simulacrum (Crypt:1)
  A golden dragon zombie (Depths:4)
  An unseen horror (Vaults:1)
  2 deep trolls (shapeshifter)
  An anaconda zombie (Crypt:2)
  An unseen horror (shapeshifter) (Vaults:4)
  A glowing orange brain (shapeshifter) (Elf:2)
  2 shadow dragon zombies (Crypt:3)
  2 wizards
  5 glowing orange brains
  23 phantasmal warriors
  A golden dragon skeleton (Depths:3)
  5 deep elf archers
  11 naga ritualists
  Pikel (D:7)
  15 ironbrand convokers
  4 lindwurms (Depths:5)
  A harpy (shapeshifter) (Elf:2)
  12 harpies
  2 anaconda skeletons
  15 necromancers
  A wolf spider zombie (Crypt:3)
  7 mana vipers
  8 orc knights
  2 wolf spiders
  2 oklob plants
  4 orc sorcerers
  A shining eye (shapeshifter) (Depths:3)
  A tengu skeleton (Vaults:1)
  25 ugly things
  A wolf spider (shapeshifter) (Vaults:5)
  2 iron dragon zombies
  81 deep elf magi
  A shining eye (Slime:3)
  12 fauns
  9 salamanders
  13 manticores
  7 cyclopes
  12 merfolk sirens
  A sphinx skeleton (Depths:3)
  A dire elephant zombie (Crypt:3)
  22 moths of wrath
  A centaur zombie (D:14)
  43 black mambas
  A fire giant skeleton (Tomb:2)
  3 elephants
  6 naga magi (Snake:4)
  6 water nymphs
  A stone giant skeleton (Crypt:1)
  6 gargoyles
  5 guardian serpents
  A titan simulacrum (Crypt:3)
  The ghost of korthal the Cleaver, a novice MiMo (D:5)
  Joseph (D:8)
  12 vault sentinels
  A torpor snail (Lair:4)
  14 spiny frogs
  A spiny frog (shapeshifter) (Depths:1)
  5 rime drakes (Lair:6)
  A swamp worm zombie (Crypt:2)
  An eye of devastation (Slime:1)
  A yaktaur zombie (Vaults:2)
  2 komodo dragons (shapeshifter)
  A shock serpent skeleton (Crypt:2)
  A green draconian zombie (Crypt:2)
  47 yaktaurs
  A catoblepas zombie (Crypt:2)
  2 kobold demonologists (D:11)
  A yaktaur (shapeshifter) (D:14)
  A centaur skeleton (D:14)
  A redback zombie (Crypt:2)
  An anaconda simulacrum (Crypt:3)
  7 freezing wraiths
  13 komodo dragons
  2 human skeletons
  29 guardian mummies
  A yaktaur skeleton (Vaults:2)
  An iron troll skeleton (Crypt:2)
  3 tengu conjurers
  A queen bee (shapeshifter) (D:13)
  20 trolls
  24 merfolk
  11 wind drakes
  4 meliai
  16 hornets
  36 slime creatures
  Prince Ribbit (D:5)
  5 polar bears
  8 blink frogs
  A shadow dragon simulacrum (Crypt:3)
  A harpy skeleton (Crypt:2)
  A harpy zombie (Crypt:3)
  A tengu simulacrum (Vaults:3)
  An ettin zombie (Vaults:2)
  A frost giant simulacrum (Depths:4)
  2 stone giant simulacra
  2 ice dragon zombies (Crypt:3)
  A fire dragon zombie (Crypt:1)
  A slime creature (shapeshifter) (D:14)
  A hippogriff (shapeshifter) (Elf:3)
  A snapping turtle (shapeshifter) (D:14)
  15 dream sheep
  2 fire giant simulacra
  5 bog bodies
  9 snapping turtles
  9 hippogriffs
  A human simulacrum (Vaults:2)
  4 air elementals
  A tarantella zombie (Crypt:3)
  3 water elementals
  11 flying skulls
  2 wyverns
  A redback (Vaults:3)
  3 vampires
  36 yaks
  2 ice dragon skeletons
  28 spriggans
  A tarantella (shapeshifter) (Vaults:5)
  A shadow (D:11)
  A human (D:7)
  14 wraiths
  3 fire elementals
  4 hogs (D:7)
  4 ushabtiu (Tomb:1)
  2 black mamba skeletons (Crypt:1)
  6 golden eyes (Slime:5)
  3 basilisks
  3 hungry ghosts
  An emperor scorpion simulacrum (Crypt:1)
  31 dancing weapons
  2 humans (shapeshifter)
  A harpy simulacrum (Crypt:2)
  An elf zombie (Vaults:2)
  5 wargs
  7 vampire mosquitoes
  47 nagas
  A steam dragon (D:14)
  4 soldier ants (D:8)
  A faun skeleton (Crypt:3)
  A gelid demonspawn zombie (Crypt:1)
  An acid dragon (Vaults:1)
  A swamp worm (shapeshifter) (Vaults:1)
  10 water moccasins
  A merfolk skeleton (Tomb:1)
  An elf skeleton (Vaults:1)
  2 hornet zombies
  A porcupine (shapeshifter) (Vaults:2)
  10 porcupines
  5 ice beasts
  A water nymph skeleton (Crypt:1)
  40 orc warriors
  3 slaves (D:7)
  A spiny frog skeleton (Crypt:1)
  An ettin simulacrum (Crypt:1)
  An orc zombie (Vaults:2)
  An ice dragon simulacrum (Crypt:3)
  5 sky beasts
  3 black bears
  60 ogres
  2 swamp drakes (Depths:5)
  2 phantoms (D:5)
  A swamp dragon zombie (Crypt:1)
  5 eyes of draining
  6 necrophages
  11 wolves
  10 boggarts
  9 crocodiles
  8 centaurs
  4 big kobolds
  19 bullfrogs
  A big kobold (shapeshifter) (D:14)
  3 earth elementals
  A komodo dragon zombie (Crypt:3)
  A wyvern zombie (D:7)
  A glowing shapeshifter simulacrum (Vaults:1)
  7 scorpions
  10 killer bees
  An orc simulacrum (Vaults:1)
  An elf simulacrum (Vaults:2)
  14 wights
  An electric eel (D:11)
  3 howler monkeys
  2 raiju skeletons
  3 vampire bats
  5 crimson imps
  A basilisk zombie (Crypt:2)
  A bullfrog zombie (D:10)
  2 jellies
  29 orc priests
  9 hounds
  31 orc wizards
  Jessica (D:2)
  4 bullfrog skeletons
  Terence (D:2)
  4 iguanas
  37 worker ants
  A demigod zombie (Crypt:2)
  A sky beast zombie (Crypt:3)
  A dwarf skeleton (Crypt:3)
  A hound skeleton (D:11)
  32 mummies
  A worker ant zombie (D:11)
  Robin (D:2)
  4 gnolls (D:5)
  A howler monkey skeleton (D:7)
  10 adders
  4 shadow imps
  A white imp (Depths:3)
  An ooze (D:4)
  2 worms
  2 dart slugs
  10 leopard geckos
  95 orcs
  11 giant cockroaches
  9 goblins
  9 hobgoblins
  18 jackals
  22 kobolds
  10 quokkas
  3 ball pythons
  26 bats
  3 frilled lizards (D:5)
  A jackal skeleton (D:5)
  A kobold zombie (Crypt:1)
  A leopard gecko skeleton (Crypt:2)
  A quokka zombie (Crypt:2)
  4 rats
  A rat zombie (Crypt:2)
  2 bushes (Depths:2)
  9 crawling corpses
  2 fulminant prisms
  4 fungi
  5 plants
2505 creatures vanquished.

Vanquished Creatures (collateral kills)
  2 greater mummies (Tomb:1)
  Margery (Depths:4)
  A caustic shrike (Depths:4)
  A golden dragon (Depths:4)
  7 tentacled monstrosities
  2 titans
  An acid blob (shapeshifter) (Vaults:5)
  2 acid blobs
  4 quicksilver dragons
  A sphinx (Depths:4)
  Kirke (D:15)
  3 tengu reavers
  2 azure jellies (Slime:5)
  3 revenants
  3 storm dragons
  5 fire giants (Depths:4)
  A fire giant (shapeshifter) (Vaults:5)
  A ghost moth (Zot:4)
  6 frost giants
  3 vault wardens
  5 ironheart preservers
  A draconian stormcaller (Depths:5)
  4 spriggan defenders
  2 ghouls
  A caustic shrike skeleton (Depths:2)
  3 draconian annihilators (Depths:5)
  4 very ugly things
  8 stone giants
  A draconian shifter (Zot:3)
  3 black draconians
  2 green draconians
  A dire elephant (Depths:2)
  A deep elf annihilator (Depths:4)
  4 white draconians
  5 purple draconians
  2 yellow draconians
  2 merfolk javelineers (Shoals:4)
  3 deep elf death magi
  2 ettins (Depths:3)
  A mummy priest (Tomb:1)
  A merfolk impaler (Shoals:4)
  A jiangshi (Crypt:3)
  2 great orbs of eyes
  11 yaktaur captains
  2 fire dragons (Depths:4)
  Josephine (D:11)
  4 deep elf high priests
  6 rakshasas
  A vault guard (Vaults:4)
  5 spriggan air magi
  A two-headed ogre (shapeshifter) (Depths:4)
  A death knight (Vaults:4)
  4 ogre magi
  8 two-headed ogres
  A death scarab (Tomb:1)
  A centaur warrior (Depths:2)
  A deep troll shaman (Depths:4)
  A tengu warrior (Depths:3)
  A hell knight (Depths:4)
  3 deep troll earth magi
  8 spriggan berserkers
  A titan zombie (Crypt:1)
  A deep elf knight (Vaults:2)
  5 skeletal warriors
  2 shadow wraiths
  5 spriggan druids (Depths:2)
  A sea snake (Shoals:4)
  A glowing orange brain (Depths:3)
  6 deep trolls
  A death drake (Depths:5)
  A flayed ghost (Depths:3)
  A golden dragon skeleton (Crypt:3)
  4 deep elf archers
  A kraken simulacrum (Shoals:4)
  4 necromancers
  2 phantasmal warriors
  A lindwurm (Depths:5)
  A mana viper (shapeshifter) (Depths:4)
  An orc knight (Vaults:3)
  6 harpies
  A tengu skeleton (Depths:4)
  22 ugly things
  A cyclops (Vaults:1)
  4 manticores
  A moth of wrath (Zot:1)
  A spriggan zombie (Depths:3)
  4 deep elf magi
  A frost giant skeleton (Tomb:1)
  A merfolk siren (Lair:4)
  4 vault sentinels
  A shock serpent skeleton (Tomb:2)
  A human zombie (Vaults:1)
  A spriggan skeleton (Depths:4)
  22 yaktaurs
  3 freezing wraiths
  A tengu conjurer (Depths:1)
  A golden dragon simulacrum (Depths:3)
  4 guardian mummies
  A merfolk (Shoals:4)
  A human skeleton (Vaults:1)
  A merfolk (shapeshifter) (Vaults:5)
  8 hornets
  A polar bear (shapeshifter) (Vaults:1)
  A troll (Vaults:4)
  2 wind drakes (Depths:5)
  A jumping spider (Vaults:3)
  9 slime creatures
  A snapping turtle (Shoals:4)
  6 water elementals
  3 air elementals
  A tarantella (Vaults:3)
  A redback (Vaults:3)
  17 spriggans
  A fire dragon skeleton (Crypt:1)
  2 wraiths
  5 golden eyes (Slime:1)
  A warg (Vaults:3)
  A spatial vortex (Vaults:4)
  A swamp drake (Depths:5)
  A fire dragon simulacrum (Crypt:3)
  A necrophage (Crypt:1)
  An orc warrior (Vaults:1)
  5 ogres
  A boggart (Depths:1)
  9 centaurs
  A bullfrog (D:11)
  A water moccasin zombie (Crypt:3)
  A wight (Crypt:1)
  An iguana (shapeshifter) (Vaults:5)
  13 mummies
  An orc (Vaults:3)
  A bat skeleton (Crypt:1)
  2 crawling corpses (Vaults:5)
392 creatures vanquished.

Vanquished Creatures (others)
  A draconian monk (Depths:5)
  A fire giant (Vaults:5)
  A purple draconian (WizLab)
  A deep elf annihilator (Elf:3)
  A merfolk impaler (Shoals:4)
  A merfolk javelineer (Shoals:4)
  A deep elf high priest (Elf:3)
  An ogre mage (Depths:2)
  A hydra (D:15)
  A centaur warrior (Depths:1)
  A dancing weapon (Elf:3)
  17 death scarabs
  A shadow wraith (Vaults:1)
  3 deep elf archers
  2 deep elf magi
  6 yaktaurs
  3 flying skulls (Tomb:2)
  A centaur (Depths:1)
  2 orc wizards
  3 mummies (Tomb:2)
  A ball lightning (Tomb:2)
  3 orcs (D:15)
  3 bushes
  228 fulminant prisms
  22 fungi
  23 plants
  4 tentacles (Shoals:4)
333 creatures vanquished.

Grand Total: 3230 creatures vanquished

Notes
Turn   | Place    | Note
-------+----------+-------------------------------------------
     0 | D:1      | unrecovered the Spriggan Enchanter began the quest for the Orb.
     0 | D:1      | Reached XP level 1. HP: 9/9 MP: 5/5
   317 | D:1      | Reached XP level 2. HP: 9/13 MP: 4/6
   321 | D:1      | Learned a level 2 spell: Ensorcelled Hibernation
   335 | D:1      | Reached skill level 3 in Spellcasting
  1096 | D:1      | Reached skill level 5 in Stealth
  1282 | D:2      | Found a shattered altar of Ashenzari.
  1283 | D:2      | Reached XP level 3. HP: 15/16 MP: 5/8
  1376 | D:2      | Became a worshipper of Ashenzari the Shackled
  1387 | D:2      | Found a blossoming altar of Fedhas.
  1532 | D:2      | Noticed Jessica
  1674 | D:2      | Learned a level 3 spell: Confuse
  1744 | D:2      | Noticed Robin
  1760 | D:2      | Killed Jessica
  1760 | D:2      | Reached XP level 4. HP: 15/21 MP: 0/10
  1857 | D:2      | Noticed Terence
  1861 | D:2      | Killed Terence
  1916 | D:2      | Killed Robin
  2308 | D:2      | Learned a level 3 spell: Tukima's Dance
  2649 | D:2      | Found a glowing silver altar of Zin.
  2807 | D:3      | Reached XP level 5. HP: 24/24 MP: 4/11
  2953 | D:3      | Reached skill level 4 in Spellcasting
  3238 | D:3      | Found an iron altar of Okawaru.
  3238 | D:3      | Found a sacrificial altar of Ru.
  3523 | D:4      | Reached * piety under Ashenzari
  3655 | D:4      | Found an iron altar of Okawaru.
  3783 | D:4      | Reached skill level 5 in Hexes
  3783 | D:4      | Reached XP level 6. HP: 22/28 MP: 3/13
  4109 | D:4      | Found a hazy altar of Hepliaklqana.
  4349 | D:4      | Reached skill level 5 in Spellcasting
  4475 | D:4      | Found a hide-covered altar of Uskayaw.
  4478 | D:4      | Found an opulent altar of Gozag.
  4484 | D:4      | Found a shadowy altar of Dithmenos.
  4498 | D:4      | Found a stormy altar of Qazlal.
  4559 | D:4      | Reached XP level 7. HP: 25/32 MP: 4/15
  5065 | D:5      | Entered Level 5 of the Dungeon
  5066 | D:5      | Reached ** piety under Ashenzari
  5188 | D:5      | Found a radiant altar of Vehumet.
  5343 | D:5      | Noticed korthal's ghost (novice MiMo)
  5364 | D:5      | Killed korthal's ghost
  5364 | D:5      | Reached skill level 5 in Short Blades
  5364 | D:5      | Reached skill level 6 in Spellcasting
  5364 | D:5      | Reached XP level 8. HP: 36/36 MP: 14/18
  5754 | D:5      | Found a white marble altar of Elyvilon.
  5859 | D:5      | Noticed Prince Ribbit
  5869 | D:5      | Killed Prince Ribbit
  5869 | D:5      | Reached skill level 7 in Spellcasting
  5937 | D:5      | Found a staircase to the Ecumenical Temple.
  6102 | D:5      | Found the +4 Vampire's Tooth {vamp}
  6587 | D:6      | Reached skill level 10 in Stealth
  6635 | D:6      | Found an opulent altar of Gozag.
  6659 | D:6      | Reached XP level 9. HP: 39/39 MP: 9/21
  7069 | D:6      | Reached skill level 8 in Spellcasting
  7948 | D:7      | Noticed Pikel
  8139 | D:7      | Killed Pikel
  8286 | D:7      | Reached skill level 9 in Spellcasting
  8294 | D:7      | Reached XP level 10. HP: 44/44 MP: 16/24
  9001 | D:8      | Reached *** piety under Ashenzari
  9066 | D:8      | Noticed Joseph
  9069 | D:8      | Killed Joseph
  9106 | D:8      | Reached skill level 10 in Hexes
  9320 | D:8      | Reached skill level 1 in Shields
  9364 | D:8      | Identified the ring "Kigebb Kuqi" {Wiz Str-5 Int+2 Stlth+}
  9366 | D:8      | Reached skill level 10 in Spellcasting
  9369 | D:8      | Noticed a queen ant
  9462 | D:8      | Killed a queen ant
  9955 | D:8      | Reached XP level 11. HP: 47/47 MP: 10/26
  9963 | D:8      | Learned a level 1 spell: Apportation
 10311 | D:9      | Found a blossoming altar of Fedhas.
 10314 | D:9      | Noticed a two-headed ogre
 10321 | D:9      | Killed a two-headed ogre
 10321 | D:9      | Reached skill level 1 in Fighting
 10429 | D:9      | Found a staircase to the Lair.
 10606 | D:9      | Reached skill level 1 in Evocations
 11040 | D:10     | Entered Level 10 of the Dungeon
 11170 | D:10     | Learned a level 6 spell: Deflect Missiles
 11175 | D:10     | Learned a level 4 spell: Fulminant Prism
 11307 | D:10     | Found a sacrificial altar of Ru.
 11314 | D:10     | Reached **** piety under Ashenzari
 11459 | D:10     | Reached skill level 5 in Dodging
 11469 | D:10     | Noticed a two-headed ogre
 11484 | D:10     | Killed a two-headed ogre
 11484 | D:10     | Reached skill level 11 in Spellcasting
 11629 | D:10     | Found Leanonyf's Assorted Antiques.
 11653 | D:10     | Bought a large diamond ring for 150 gold pieces
 11653 | D:10     | Bought a scroll of identify for 60 gold pieces
 11653 | D:10     | Bought a glowing lapis lazuli amulet for 150 gold pieces
 12308 | D:11     | Noticed Josephine
 12310 | D:11     | Noticed a white ugly thing
 12373 | D:10     | Killed a white ugly thing
 12566 | Lair:1   | Entered Level 1 of the Lair of Beasts
 13500 | Lair:2   | Reached ***** piety under Ashenzari
 13962 | Lair:3   | Reached skill level 5 in Evocations
 13976 | Lair:3   | Reached XP level 12. HP: 57/57 MP: 28/28
 14072 | Lair:3   | Found a staircase to the Snake Pit.
 14179 | Lair:3   | Noticed a seven-headed hydra
 14187 | Lair:3   | Killed a seven-headed hydra
 14520 | Lair:3   | Reached skill level 12 in Spellcasting
 15033 | Lair:4   | Reached skill level 1 in Conjurations
 15223 | Lair:4   | Found a staircase to the Shoals.
 15411 | Lair:4   | Learned a level 6 spell: Invisibility
 15539 | Lair:4   | Reached skill level 5 in Fighting
 16391 | Lair:5   | Noticed lomky's ghost (journeyman MiBe)
 16428 | Lair:5   | Killed lomky's ghost
 16428 | Lair:5   | Reached skill level 10 in Dodging
 16834 | Lair:5   | Found a viscous altar of Jiyva.
 16836 | Lair:5   | Found a staircase to the Slime Pits.
 16854 | Lair:5   | Reached XP level 13. HP: 65/65 MP: 30/30
 16917 | Lair:5   | Learned a level 5 spell: Yara's Violent Unravelling
 16922 | Lair:5   | Learned a level 4 spell: Force Lance
 17069 | Lair:6   | Entered Level 6 of the Lair of Beasts
 17344 | Lair:6   | Noticed Nessos
 17351 | Lair:6   | Killed Nessos
 17483 | Lair:6   | Noticed a dire elephant
 17545 | Lair:6   | Killed a dire elephant
 17702 | Lair:6   | Reached skill level 5 in Conjurations
 18254 | Lair:6   | Reached ****** piety under Ashenzari
 18775 | Lair:6   | Identified the +10 hand axe of Afreduji {chop, +Fly Int+4}
 19104 | D:11     | Killed Josephine
 19357 | D:11     | Noticed Sonja
 19361 | D:11     | Killed Sonja
 19653 | D:11     | Found a blossoming altar of Fedhas.
 19741 | D:11     | Reached XP level 14. HP: 67/73 MP: 15/31
 20116 | D:11     | Found a staircase to the Orcish Mines.
 20794 | D:12     | Found a portal to a secret trove of treasure.
 20892 | D:12     | Noticed Snorg
 20898 | D:12     | Found a sacrificial altar of Ru.
 20901 | D:12     | Killed Snorg
 21534 | D:13     | Noticed mistaj's ghost (journeyman TrMo)
 21573 | D:13     | Killed mistaj's ghost
 21843 | D:14     | Found a labyrinth entrance.
 21857 | Lab      | Entered a labyrinth
 22296 | Lab      | Identified the amulet "Liosikhu" {Reflect rC+++ Str+2 SH+4 Stlth-}
 22296 | Lab      | Identified the cursed +1 robe of Zonteab {Regen+ rCorr Int-5 SInv}
 22296 | Lab      | Found the macabre finger necklace {rN+}
 22306 | Lab      | Learned a level 2 spell: Blink
 22694 | D:14     | Found a shadowy altar of Dithmenos.
 22831 | D:14     | Found a gate to the Vaults.
 22964 | D:14     | Found Tatoroeg's Jewellery Emporium.
 23118 | D:15     | Entered Level 15 of the Dungeon
 23118 | D:15     | Found Mackaon's Jewellery Shop.
 23153 | D:15     | Reached skill level 13 in Spellcasting
 23176 | D:15     | Bought the ring "Qipraopt" {*Contam +Fly MR+++ Str+3 Int+5} for 609 gold pieces
 23367 | D:15     | Found a staircase to the Depths.
 23492 | D:15     | Noticed Kirke
 23504 | D:15     | Killed Kirke
 23518 | D:15     | Found a sparkling altar of Nemelex Xobeh.
 23519 | D:15     | Found Kamasyno's Antique Weapon Shoppe.
 23758 | D:15     | Found Deiwamei's Antique Armour Shop.
 24034 | D:15     | Found Siuj's Armour Shop.
 24203 | Orc:1    | Entered Level 1 of the Orcish Mines
 24249 | Orc:1    | Reached XP level 15. HP: 80/80 MP: 20/33
 24343 | Orc:2    | Entered Level 2 of the Orcish Mines
 24698 | Orc:2    | Reached skill level 10 in Fighting
 25296 | Orc:2    | Found a staircase to the Elven Halls.
 25501 | Orc:2    | Found Kucs's Jewellery Shop.
 25505 | Orc:2    | Found Zastrai's Antique Armour Shoppe.
 25524 | Orc:2    | Found Velafus's Book Shop.
 25756 | Orc:2    | Found Jucis's General Store.
 25802 | Orc:2    | Bought the ring "Koufefor" {+Fly rElec rPois Str+4 Int-3} for 604 gold pieces
 25820 | Orc:2    | Found Buebloul's Magic Scroll Shop.
 25831 | Orc:2    | Bought a scroll of remove curse for 45 gold pieces
 25831 | Orc:2    | Bought a scroll of remove curse for 45 gold pieces
 26180 | Orc:1    | Reached skill level 1 in Charms
 26281 | Orc:1    | Found a burning altar of Makhleb.
 26398 | Elf:1    | Entered Level 1 of the Elven Halls
 26484 | Elf:1    | Gained mutation: Your body sometimes deteriorates upon taking damage. [mutagenic glow]
 26534 | Elf:1    | Reached skill level 10 in Short Blades
 26797 | Snake:1  | Entered Level 1 of the Snake Pit
 27098 | Snake:1  | Found Ler Gikh's Armour Emporium.
 27393 | Orc:2    | Bought a book of Death for 1120 gold pieces
 27501 | Elf:1    | Reached skill level 5 in Charms
 27538 | Elf:1    | Noticed Aizul
 27554 | Elf:1    | Killed Aizul
 27696 | Elf:1    | Reached skill level 1 in Air Magic
 27924 | Elf:1    | Reached skill level 14 in Spellcasting
 28047 | Elf:1    | Learned a level 5 spell: Bolt of Draining
 28218 | Elf:2    | Found Maykkatz's Food Shop.
 28242 | Elf:2    | Reached XP level 16. HP: 85/85 MP: 35/35
 28248 | Elf:2    | Reached skill level 1 in Necromancy
 29800 | Elf:2    | Reached skill level 5 in Necromancy
 29806 | Elf:2    | Found a huge runed gate.
 29806 | Elf:2    | Found a huge runed gate.
 29807 | Elf:2    | Found a huge runed gate.
 29808 | Elf:2    | Found a huge runed gate.
 29860 | Elf:2    | Found a huge runed gate.
 30393 | Elf:2    | Noticed a deep elf blademaster
 30412 | Elf:2    | Killed a deep elf blademaster
 30971 | Elf:3    | Entered Level 3 of the Elven Halls
 30981 | Elf:3    | Noticed a Tzitzimitl
 30991 | Elf:3    | HP: 1/85 [short sword of holy wrath (4)]
 31354 | Elf:2    | Noticed an Executioner
 31834 | Elf:3    | Noticed Jorgrun
 31836 | Elf:3    | Killed Jorgrun
 31973 | Elf:3    | Noticed a Tzitzimitl
 32002 | Elf:3    | Reached XP level 17. HP: 54/90 MP: 8/36
 32583 | Elf:3    | Noticed Donald
 32601 | Elf:3    | Killed Donald
 32747 | Elf:3    | Reached skill level 15 in Dodging
 32747 | Elf:3    | Reached skill level 15 in Spellcasting
 33206 | Elf:3    | Identified the ring "Mudwiaf" {rPois Dex+2 Slay-2 Stlth+} (You took it off a deep elf mage on level 3 of the Elven Halls)
 33264 | Elf:3    | Identified the +6 spear of Kiemygh {vamp, *Rage rElec Dex+6} (You took it off a deep elf high priest on level 3 of the Elven Halls)
 33748 | Elf:3    | Noticed a deep elf master archer
 33753 | Elf:3    | Killed a deep elf master archer
 33783 | Elf:3    | Noticed a deep elf blademaster
 33796 | Elf:3    | Killed a deep elf blademaster
 33804 | Elf:3    | Identified the +4 flail "Zuigar" {crush, rElec} (You took it off a deep elf mage on level 3 of the Elven Halls)
 33823 | Elf:3    | Noticed a deep elf blademaster
 33835 | Elf:3    | Noticed a deep elf blademaster
 33851 | Elf:3    | Killed a deep elf blademaster
 34007 | Elf:3    | Killed a deep elf blademaster
 34528 | Elf:3    | Identified The Papyrus of Greatest Risks and Utility
 34684 | Elf:3    | Identified a scroll of acquirement
 34684 | Elf:3    | Identified the cursed +0 robe of the Beekeeper {rCorr Str-5 SInv} (You acquired it on level 3 of the Elven Halls)
 35382 | Snake:1  | Found Hirrosmi's Gadget Shop.
 35392 | Snake:1  | Bought a wand of paralysis (4) for 72 gold pieces
 35392 | Snake:1  | Bought a wand of digging (9) for 312 gold pieces
 35392 | Snake:1  | Bought a box of beasts for 240 gold pieces
 35392 | Snake:1  | Bought a box of beasts for 240 gold pieces
 35392 | Snake:1  | Bought a sack of spiders for 240 gold pieces
 35393 | Snake:1  | Identified the +6 broad axe of Imminent Death {flame, *Corrode Dex+4}
 35403 | Snake:1  | Found Lnient's Luxury Loot.
 35566 | Snake:2  | Reached skill level 16 in Spellcasting
 36132 | Snake:2  | Identified the +12 flail of Trauma {flame, rC++ Int+3 SInv} (You took it off a naga on level 2 of the Snake Pit)
 36490 | Snake:3  | Identified the +1 leather armour "Ziohuegg" {*Corrode +Blink SInv Stlth+}
 36833 | Snake:3  | Reached XP level 18. HP: 98/98 MP: 25/39
 37297 | Snake:4  | Entered Level 4 of the Snake Pit
 37313 | Snake:4  | Noticed Vashnia
 37342 | Snake:4  | Killed Vashnia
 38175 | Snake:4  | Reached skill level 17 in Spellcasting
 38977 | Snake:4  | Reached skill level 10 in Evocations
 41021 | Snake:4  | Got a serpentine rune of Zot
 41693 | Shoals:1 | Entered Level 1 of the Shoals
 41724 | Shoals:1 | Found an opulent altar of Gozag.
 41889 | Shoals:1 | Reached XP level 19. HP: 104/104 MP: 9/41
 42031 | Shoals:1 | Reached skill level 18 in Spellcasting
 43109 | Shoals:2 | Learned a level 5 spell: Dispel Undead
 43117 | Shoals:2 | Learned a level 7 spell: Summon Hydra
 43273 | Shoals:2 | Reached skill level 1 in Summonings
 43607 | Shoals:2 | Found a hide-covered altar of Uskayaw.
 44768 | Shoals:3 | Identified the +2 helmet of Lunneah {*Contam rPois rF+} (You found it on level 3 of the Elven Halls)
 44826 | Shoals:4 | Entered Level 4 of the Shoals
 44831 | Shoals:4 | Noticed Ilsuiw
 45231 | Shoals:4 | Reached skill level 5 in Summonings
 45254 | Shoals:4 | Found Juxerodue's Distillery.
 45277 | Shoals:4 | Killed Ilsuiw
 45307 | Shoals:4 | Bought a potion of haste for 180 gold pieces
 45307 | Shoals:4 | Bought 2 potions of cancellation for 288 gold pieces
 45307 | Shoals:4 | Bought a potion of heal wounds for 90 gold pieces
 45659 | Shoals:4 | Identified the +8 fustibalus "Jolyirch" {flame, rElec rC+ Str-4 Int+4} (You took it off a merfolk on level 4 of the Shoals)
 45803 | Shoals:4 | Reached skill level 19 in Spellcasting
 46039 | Shoals:4 | Identified the amulet of the Invisible Beggars {+Rage rF++ rN+ Str-5}
 46328 | Shoals:4 | Got a barnacled rune of Zot
 46712 | Vaults:1 | Entered Level 1 of the Vaults
 47031 | Vaults:1 | Found a magical portal.
 47056 | WizLab   | Entered Iskenderun's Mystic Tower
 47868 | WizLab   | Reached XP level 20. HP: 98/109 MP: 36/44
 48209 | WizLab   | Identified the cursed +3 dire flail of Yroablo {speed, Dex+4 Stlth+} (You took it off a purple draconian in a wizard's laboratory)
 48222 | WizLab   | Identified Iskenderun's Handbook of Battle Magic
 48222 | WizLab   | Identified Iskenderun's Grimoire of Attacks
 48259 | WizLab   | Identified the Papyrus of Fascination
 49395 | Vaults:1 | Noticed Saint Roka
 49506 | Vaults:1 | Reached skill level 20 in Spellcasting
 49690 | Vaults:1 | Reached skill level 1 in Transmutations
 49759 | Vaults:1 | Identified the amulet of Quupsule {Reflect Int+2 SH+2} (You took it off an ironheart preserver on level 1 of the Vaults)
 49945 | Vaults:1 | Killed Saint Roka
 50326 | Vaults:1 | Reached skill level 5 in Transmutations
 51298 | Vaults:2 | Noticed Jory
 51306 | Vaults:2 | Killed Jory
 52244 | Vaults:2 | Reached skill level 21 in Spellcasting
 53064 | D:14     | Learned a level 6 spell: Statue Form
 53170 | Vaults:3 | Reached skill level 1 in Earth Magic
 53252 | Vaults:3 | Reached XP level 21. HP: 113/113 MP: 42/47
 54424 | Vaults:3 | Reached skill level 22 in Spellcasting
 54729 | Vaults:3 | Reached skill level 5 in Air Magic
 55472 | Vaults:3 | Found a staircase to the Crypt.
 55472 | Vaults:3 | Found a basalt altar of Yredelemnul.
 55473 | Vaults:3 | Found an ancient bone altar of Kikubaaqudgha.
 56038 | Vaults:4 | Found Fiag Titaun's Antique Weapon Boutique.
 57449 | Vaults:4 | Found Foxtampurch's Book Boutique.
 57711 | Crypt:1  | Entered Level 1 of the Crypt
 57812 | Crypt:1  | Reached XP level 22. HP: 39/121 MP: 0/49
 58764 | Crypt:1  | Identified the +1 leather armour of Cocytus {rElec rPois}
 58971 | Crypt:1  | Reduced skill Stealth to level 10
 58971 | Crypt:1  | Reached skill level 10 in Air Magic
 59432 | Crypt:2  | Reached skill level 23 in Spellcasting
 59702 | Crypt:2  | Found an ancient bone altar of Kikubaaqudgha.
 60307 | Crypt:2  | Found the +6 Majin-Bo {vamp, Archmagi MP+6 Int+6}
 60661 | Crypt:3  | Entered Level 3 of the Crypt
 60763 | Crypt:3  | Found a staircase to the Tomb.
 61173 | Crypt:3  | Noticed Xtahua
 62140 | Crypt:3  | Identified the ring of Fixation {rPois rF+ Int+5} (You took it off a vampire knight on level 3 of the Crypt)
 62140 | Crypt:3  | Identified the +7 war axe "Pendulum" {freeze, Str+3} (You took it off a vampire knight on level 3 of the Crypt)
 62644 | Crypt:3  | Found an ancient bone altar of Kikubaaqudgha.
 63136 | Crypt:3  | Identified the ring of Daijymat {rF+ rN+ Dex+3}
 63138 | Crypt:3  | Identified the ring "Vuxies" {rN+ Dex+2}
 63138 | Crypt:3  | Identified the ring "Kaskim" {rF++ rC- rN+ Str+2}
 63314 | Crypt:3  | Reached XP level 23. HP: 125/125 MP: 31/51
 63625 | Crypt:3  | Killed Xtahua
 63942 | Crypt:3  | Identified Borgnjor's Incunabulum of Darkness
 64211 | Crypt:2  | Reached skill level 24 in Spellcasting
 64487 | Depths:1 | Entered Level 1 of the Depths
 64622 | Depths:1 | Found a one-way gate to the infinite horrors of the Abyss.
 64792 | Depths:1 | Found a gateway to Hell.
 64823 | Depths:1 | Found a glowing golden altar of the Shining One.
 64826 | Depths:1 | Noticed Sojobo
 64864 | Depths:1 | Killed Sojobo
 65579 | Depths:2 | Found a bloodstained altar of Trog.
 66353 | Depths:2 | Identified the +9 short sword of Izyel {holy, rElec rPois rF+ Dex+3} (You took it off a spriggan air mage on level 2 of the Depths)
 66748 | Depths:2 | Noticed Bai Suzhen
 66964 | Depths:2 | Noticed the Enchantress
 66979 | Depths:2 | Reached skill level 15 in Air Magic
 66987 | Depths:2 | Killed Bai Suzhen
 66989 | Depths:2 | Killed the Enchantress
 66989 | Depths:2 | Identified the +8 faerie dragon scales {-Tele rPois rCorr Dex+3 Stlth+} (You took it off the Enchantress on level 2 of the Depths)
 67273 | Depths:2 | Identified the +9 whip "Buiph" {flame, -Tele rPois MR+ Dex+4} (You took it off a spriggan on level 2 of the Depths)
 67301 | Depths:2 | Identified the Almanac of the Blaze and Transformation
 67659 | Depths:2 | Found a gateway to a ziggurat.
 67710 | Depths:2 | Reached skill level 1 in Armour
 69086 | Depths:3 | Found a one-way gate leading to the halls of Pandemonium.
 70112 | Depths:3 | Identified the +2 ring mail of Otiw {rPois rF- MR++ rCorr}
 70246 | Depths:3 | Noticed Mara
 70254 | Depths:3 | Identified the +8 shortbow "Mauwk" {venom, +Blink rC++} (You took it off a tengu warrior on level 3 of the Depths)
 70258 | Depths:3 | Noticed unrecovered's illusion
 70268 | Depths:3 | Killed Mara
 70268 | Depths:3 | Reached XP level 24. HP: 89/130 MP: 22/52
 70772 | Depths:4 | Reached skill level 25 in Spellcasting
 70892 | Depths:4 | Noticed Margery
 71408 | Depths:4 | Identified the +2 scale mail of the Boiling Point {Regen+ Int+10 Slay-3}
 71408 | Depths:4 | Noticed a juggernaut
 71431 | Depths:4 | Killed a juggernaut
 71962 | Depths:4 | Reached skill level 5 in Armour
 73087 | Depths:4 | Identified the +0 buckler of Gutaabro {Int+2 Stlth+} (You took it off a deep elf high priest on level 4 of the Depths)
 73318 | Depths:4 | Killed Margery
 73484 | D:14     | Learned a level 9 spell: Tornado
 73491 | D:14     | Learned a level 5 spell: Lightning Bolt
 74873 | Depths:5 | Entered Level 5 of the Depths
 75542 | Depths:5 | Reached XP level 25. HP: 134/134 MP: 36/53
 76186 | Depths:5 | Found a gate to the Realm of Zot.
 77594 | Vaults:5 | Entered Level 5 of the Vaults
 77598 | Vaults:5 | Reached skill level 26 in Spellcasting
 77828 | Vaults:5 | Noticed an ancient lich
 77837 | Vaults:5 | Killed an ancient lich
 78352 | Vaults:5 | Identified the ring of Veocoin {rPois MR+ Dex+4} (You took it off an ironheart preserver on level 5 of the Vaults)
 78734 | Vaults:5 | Reached skill level 27 in Spellcasting
 78854 | Vaults:5 | Reached skill level 10 in Armour
 78882 | Vaults:5 | Reached skill level 1 in Translocations
 78926 | Vaults:5 | Got a silver rune of Zot
 78955 | Vaults:5 | Got the uncursed cloak of Divine Intervention {MR+}
 78961 | Vaults:5 | Identified the +1 cloak of Divine Intervention {MR+} (You found it on level 5 of the Vaults)
 78997 | Vaults:5 | Reached XP level 26. HP: 128/139 MP: 34/55
 79039 | Vaults:5 | Identified the +9 flail of a ziggurat {venom, *Contam rF+ Str+3 Stlth+} (You took it off a yaktaur on level 5 of the Vaults)
 79307 | Vaults:5 | Identified the ring "Amojyn" {rPois rF+ rC+} (You took it off a yaktaur captain on level 5 of the Vaults)
 79307 | Vaults:5 | Identified the +7 arbalest of Kaduhis {flame, rElec} (You took it off a yaktaur captain on level 5 of the Vaults)
 79418 | Vaults:5 | Learned a level 5 spell: Aura of Abjuration
 79714 | Vaults:5 | Identified the cursed +1 leather armour of Dramatic Exits {rF+ Dex-4 Stlth+}
 79767 | Vaults:5 | Found Senauqoa's Food Shoppe.
 79927 | Vaults:5 | Identified the cursed ring of Maitain {rPois Int-3 Slay+2}
 80000 | Vaults:5 | Found the +3 pair of gauntlets of War {Slay+5}
 80344 | Zot:1    | Entered Level 1 of the Realm of Zot
 80631 | Zot:1    | Reached skill level 10 in Summonings
 81498 | Zot:2    | Identified the +8 plate armour "Uqianyorgh" {rF+ rN+ rCorr Stlth-}
 84639 | Slime:1  | Entered Level 1 of the Pits of Slime
 84667 | Slime:1  | Reached XP level 27. HP: 113/143 MP: 28/55
 84905 | Slime:1  | Reached skill level 15 in Summonings
 85156 | Slime:5  | Entered Level 5 of the Pits of Slime
 85208 | Slime:5  | Noticed the Royal Jelly
 85392 | Slime:5  | Killed the Royal Jelly
 85588 | Slime:5  | Identified the +5 trident of the Skies Above {antimagic, +Fly MR++ Str-4 Int+4}
 85589 | Slime:5  | Identified the +8 spear of Might {pierce, *Slow Fragile +Rage rElec}
 85589 | Slime:5  | Identified the +1 robe of Bad Feelings {rPois rF- SInv}
 85589 | Slime:5  | Identified the +6 whip "Zuon" {slash, *Drain rElec rPois Dex+6}
 85592 | Slime:5  | Identified the amulet "Joynwefo" {Spirit Str+3}
 85593 | Slime:5  | Identified the +5 chain mail of Cocytus {*Slow rPois MR+++ SInv}
 85646 | Slime:5  | Got a slimy rune of Zot
 85824 | Slime:2  | Noticed Dissolution
 85837 | Slime:2  | Killed Dissolution
 85898 | Lair:5   | Learned a level 9 spell: Dragon's Call
 86382 | Tomb:1   | Entered Level 1 of the Tomb of the Ancients
 86677 | Tomb:1   | Noticed a greater mummy
 86680 | Tomb:1   | Noticed a greater mummy
 86682 | Tomb:1   | Noticed a greater mummy
 86699 | Tomb:1   | Noticed a greater mummy
 86703 | Tomb:1   | Noticed a greater mummy
 86942 | Tomb:1   | Noticed a greater mummy
 86949 | Tomb:1   | Killed a greater mummy
 87534 | Tomb:1   | Noticed a greater mummy
 87536 | Tomb:1   | Noticed a greater mummy
 87572 | Tomb:1   | Noticed a greater mummy
 87854 | Tomb:2   | Noticed a greater mummy
 87854 | Tomb:2   | Noticed a greater mummy
 87854 | Tomb:2   | Noticed a greater mummy
 87855 | Tomb:2   | Noticed a greater mummy
 87885 | Tomb:2   | HP: 9/185 [mummy priest/divine providence (16)]
 88263 | Tomb:2   | Killed a greater mummy
 88273 | Tomb:2   | Killed a greater mummy
 88661 | Tomb:2   | Killed a greater mummy
 88714 | Tomb:2   | Killed a greater mummy
 88911 | Tomb:1   | Killed a greater mummy
 88983 | Tomb:1   | Noticed a greater mummy
 88990 | Tomb:1   | Killed a greater mummy
 88993 | Tomb:1   | Killed a greater mummy
 89143 | Tomb:1   | Killed a greater mummy
 89144 | Tomb:1   | Killed a greater mummy
 89599 | Tomb:1   | Killed a greater mummy
 89643 | Tomb:1   | Noticed a greater mummy
 89650 | Tomb:1   | Killed a greater mummy
 89754 | Tomb:1   | Noticed a greater mummy
 89760 | Tomb:1   | Killed a greater mummy
 89760 | Tomb:1   | Reached skill level 5 in Earth Magic
 89763 | Tomb:1   | Noticed a greater mummy
 89763 | Tomb:1   | Killed a greater mummy
 89776 | Tomb:1   | Killed a greater mummy
 90296 | Tomb:1   | Killed a greater mummy
 90455 | Tomb:1   | Noticed a greater mummy
 90459 | Tomb:1   | Noticed a greater mummy
 90462 | Tomb:1   | Killed a greater mummy
 91020 | Tomb:1   | Killed a greater mummy
 91026 | Tomb:1   | Killed a greater mummy
 91212 | Tomb:1   | Noticed a greater mummy
 91217 | Tomb:1   | Killed a greater mummy
 91226 | Tomb:1   | Noticed a greater mummy
 91234 | Tomb:1   | Killed a greater mummy
 91513 | Tomb:1   | Learned a level 5 spell: Bolt of Magma
 91521 | Tomb:1   | Learned a level 7 spell: Orb of Destruction
 91560 | Tomb:3   | Entered Level 3 of the Tomb of the Ancients
 91575 | Tomb:3   | Noticed Lucherd's ghost (legendary HOFi)
 91575 | Tomb:3   | HP: 4/185 [bennu (8)]
 91578 | Tomb:3   | Noticed a greater mummy
 91578 | Tomb:3   | Noticed a greater mummy
 91579 | Tomb:3   | Noticed a greater mummy
 91582 | Tomb:3   | Killed a greater mummy
 91582 | Tomb:3   | Killed by a greater mummy's death curse

Skill      XL: |  1  2  3  4  5  6  7  8  9 10 11 12 13 14 15 16 17 18 19 20 21 22 23 24 25 26 27 |
---------------+----------------------------------------------------------------------------------+-----
Spellcasting   | 3 4 5 6 7 9 10 11 12 13 14 16 17 19 21 22 23 24 25 27 | 27.0
Hexes          | 4 5 6 7 9 10 12 14 | 14.1
Stealth        | 5 6 7 8 10 11 13 9 |  9.9
Short Blades   | 2 3 4 5 6 7 9 11 12 | 12.3
Shields        | 2 4 |  4.6
Fighting       | 3 5 8 9 10 11 13 14 | 14.5
Dodging        | 7 10 13 14 16 17 | 17.6
Evocations     | 5 7 9 11 12 13 | 13.0
Conjurations   | 3 6 9 |  9.7
Charms         | 5 8 |  8.2
Air Magic      | 1 4 7 13 16 17 18 | 18.3
Necromancy     | 5 |  5.5
Summonings     | 8 9 14 18 | 18.6
Transmutations | 9 |  9.1
Earth Magic    | 1 8 |  8.4
Armour         | 3 6 10 | 10.0
Translocations | 2 4 |  4.8

Action                   |  1- 3 |  4- 6 |  7- 9 | 10-12 | 13-15 | 16-18 | 19-21 | 22-24 | 25-27 || total
-------------------------+-------+-------+-------+-------+-------+-------+-------+-------+-------++-------
Melee: Dagger            |   104 |    77 |       |   385 |  1038 |   631 |  1278 |   888 |   600 ||  5001
       Short sword       |       |   159 |   236 |   134 |       |       |       |       |       ||   529
Throw: Throwing net      |       |       |     3 |     1 |       |     1 |       |       |       ||     5
 Cast: Corona            |    10 |     1 |     1 |     3 |     3 |     1 |     1 |       |       ||    20
       Ensorcelled Hiber |    24 |    63 |    38 |   154 |   231 |    71 |   157 |    21 |     3 ||   762
       Confuse           |       |    11 |    40 |    78 |   115 |    99 |   141 |   106 |    41 ||   631
       Tukima's Dance    |       |       |     2 |     6 |     1 |       |     1 |       |       ||    10
       Fulminant Prism   |       |       |       |     3 |    24 |    68 |    60 |    65 |    10 ||   230
       Force Lance       |       |       |       |       |     6 |     5 |     2 |       |     1 ||    14
       Yara's Violent Un |       |       |       |       |     7 |     5 |     1 |     6 |     1 ||    20
       Invisibility      |       |       |       |       |     7 |     7 |     6 |     1 |     2 ||    23
       Blink             |       |       |       |       |     2 |     5 |     5 |     3 |     4 ||    19
       Bolt of Draining  |       |       |       |       |       |   161 |    92 |    91 |    63 ||   407
       Deflect Missiles  |       |       |       |       |       |     1 |     3 |     3 |     4 ||    11
       Summon Hydra      |       |       |       |       |       |       |    97 |   171 |    91 ||   359
       Dispel Undead     |       |       |       |       |       |       |    25 |   273 |   104 ||   402
       Statue Form       |       |       |       |       |       |       |     5 |    18 |    32 ||    55
       Lightning Bolt    |       |       |       |       |       |       |       |    22 |    47 ||    69
       Tornado           |       |       |       |       |       |       |       |       |    60 ||    60
       Aura of Abjuratio |       |       |       |       |       |       |       |       |    17 ||    17
       Dragon's Call     |       |       |       |       |       |       |       |       |     5 ||     5
Invok: Curse Item        |       |     1 |       |     4 |     6 |     1 |     2 |     3 |       ||    17
       Scrying           |       |       |       |       |     1 |       |     1 |     2 |     3 ||     7
       Transfer Knowledg |       |       |       |       |       |       |       |     1 |       ||     1
 Abil: End Transformatio |       |       |       |       |       |       |     1 |       |       ||     1
       Evoke Flight      |       |       |       |       |       |       |       |     3 |     2 ||     5
Evoke: Wand              |       |       |       |     9 |    41 |    41 |    65 |    34 |    36 ||   226
       Phial of floods   |       |       |       |       |     3 |     1 |       |       |     1 ||     5
       Crystal ball of e |       |       |       |       |       |     5 |    39 |    77 |    29 ||   150
       Lightning rod     |       |       |       |       |       |    12 |    14 |    19 |    10 ||    55
       Lamp of fire      |       |       |       |       |       |     3 |     5 |     2 |       ||    10
       Box of beasts     |       |       |       |       |       |       |     3 |       |     3 ||     6
       Sack of spiders   |       |       |       |       |       |       |     1 |       |       ||     1
       Fan of gales      |       |       |       |       |       |       |     1 |     1 |     2 ||     4
  Use: Scroll            |       |       |     7 |     9 |     8 |    19 |     8 |    14 |    15 ||    80
       Potion            |       |       |       |       |     2 |     1 |     5 |     1 |    18 ||    27
 Stab: Sleeping          |    24 |    46 |    49 |   141 |   171 |    56 |   114 |    32 |    13 ||   646
       Confused          |       |     2 |    38 |    48 |    83 |    60 |    93 |    76 |    29 ||   429
       Distracted        |       |     1 |       |     4 |     4 |     9 |    21 |    20 |    18 ||    77
       Held in net/web   |       |       |     2 |     1 |       |       |       |       |       ||     3
       Paralysed         |       |       |       |     1 |     3 |     4 |    19 |     8 |     7 ||    42
       Invisible         |       |       |       |       |    93 |    42 |    74 |     4 |     8 ||   221
  Eat: Ration            |       |     3 |     2 |     7 |     7 |    10 |    15 |    10 |     8 ||    62
Armor: Robe              |    14 |    20 |     6 |    13 |    15 |     9 |    12 |     7 |       ||    96
       Skin              |       |       |       |       |     4 |       |    17 |    51 |   115 ||   187
       Acid dragon scale |       |       |       |       |       |       |       |    50 |    73 ||   123
Dodge: Dodged            |   101 |   130 |    57 |   219 |   419 |   334 |   839 |   796 |   947 ||  3842
       Deflected         |       |       |       |       |       |     7 |    43 |    29 |    38 ||   117
Block: Buckler           |       |       |    23 |   182 |   462 |   281 |   700 |   596 |   580 ||  2824
       Reflection        |       |       |       |     1 |    19 |    49 |   100 |    53 |    22 ||   244
